[ PARTIDA AOE2 · #462706282 ]
UnrankedEspañoles vs Bulgarians
[ ANÁLISIS DE REPETICIÓN · EXTRAÍDO DE LA PARTIDA GRABADA ]
Feudal
6:46
Castillos
11:06
Imperial
—
| APM promedio | 16.9 |
| APM pico | 46 |
| eAPM promedio | 9.8 |
| Aldeanos / militares | 21 / 5 |
Foco
⚔️ 16.7% · 🌾 83.3%
Conquistador ×3 · Petard ×2
Feudal
8:30
Castillos
12:09
Imperial
—
| APM promedio | 29.1 |
| APM pico | 82 |
| eAPM promedio | 15.8 |
| Aldeanos / militares | 25 / 1 |
Foco
⚔️ 14.2% · 🌾 85.8%
Konnik ×1
Feudal
6:21
Castillos
11:06
Imperial
—
| APM promedio | 20.6 |
| APM pico | 47 |
| eAPM promedio | 10.5 |
| Aldeanos / militares | 22 / 0 |
Foco
⚔️ 14.3% · 🌾 85.7%
Feudal
8:51
Castillos
12:46
Imperial
—
| APM promedio | 27.5 |
| APM pico | 50 |
| eAPM promedio | 11.5 |
| Aldeanos / militares | 45 / 0 |
Foco
⚔️ 8.0% · 🌾 92.0%
Mapa de la partida
Recursos iniciales + cada clic de construcción. Líneas = muros · curvas = relieve. ◆ oro · ⬟ piedra · ● bayas · ✦ reliquia · ◌ hueco del cierre
Inputs por minuto
— Tripticket - - Inf3ctedPenguin
Build order — Tripticket
54 acciones detectadas en el replay
| 0:01 | Crear | Villager (Male) |
| 0:01 | Crear | Villager (Male) |
| 0:01 | Crear | Villager (Male) |
| 0:29 | Crear | Villager (Male) |
| 0:31 | Construir | Lumber Camp |
| 0:50 | Crear | Villager (Male) |
| 1:19 | Crear | Villager (Male) |
| 1:49 | Crear | Villager (Male) |
| 2:27 | Crear | Villager (Male) |
| 2:47 | Crear | Villager (Male) |
| 2:59 | Crear | Villager (Male) |
| 3:27 | Construir | Mill |
| 4:05 | Crear | Villager (Male) |
| 4:22 | Construir | Mining Camp |
| 4:34 | Investigar | Feudal Age |
| 5:12 | Crear | Villager (Male) |
| 5:12 | Crear | Villager (Male) |
| 6:46 | Edad | Edad Feudal |
| 6:48 | Construir | Market |
| 7:28 | Construir | Blacksmith |
| 7:30 | Crear | Villager (Male) |
| 7:54 | Crear | Villager (Male) |
| 8:19 | Investigar | Castle Age |
| 8:19 | Investigar | Castle Age |
| 8:42 | Construir | Farm |
| 9:02 | Investigar | Double-Bit Axe |
| 9:03 | Investigar | Double-Bit Axe |
| 9:06 | Construir | Farm |
| 9:26 | Construir | Farm |
| 9:33 | Crear | Villager (Male) |
| 10:42 | Construir | Farm |
| 10:44 | Construir | Farm |
| 10:50 | Crear | Villager (Male) |
| 10:57 | Investigar | Horse Collar |
| 11:06 | Edad | Edad de los Castillos |
| 11:08 | Crear | Conquistador |
| 11:09 | Crear | Conquistador |
| 11:24 | Crear | Conquistador |
| 11:30 | Crear | Petard |
| 11:31 | Crear | Petard |
| 11:38 | Construir | Farm |
| 11:39 | Crear | Villager (Male) |
| 12:17 | Crear | Villager (Male) |
| 12:31 | Construir | Farm |
| 12:33 | Construir | Farm |
| 12:46 | Crear | Villager (Male) |
| 12:50 | Construir | Farm |
| 12:58 | Crear | Villager (Male) |
| 13:17 | Construir | Farm |
| 13:17 | Construir | Farm |
| 13:17 | Construir | Farm |
| 13:18 | Construir | Farm |
| 13:18 | Construir | Farm |
| 13:18 | Construir | Farm |
Build order — Inf3ctedPenguin
56 acciones detectadas en el replay
| 0:00 | Crear | Villager (Male) |
| 0:04 | Construir | Lumber Camp |
| 0:19 | Crear | Villager (Male) |
| 0:19 | Crear | Villager (Male) |
| 0:20 | Crear | Villager (Male) |
| 0:20 | Crear | Villager (Male) |
| 1:06 | Crear | Villager (Male) |
| 1:55 | Crear | Villager (Male) |
| 1:56 | Crear | Villager (Male) |
| 1:56 | Crear | Villager (Male) |
| 2:46 | Crear | Villager (Male) |
| 2:46 | Crear | Villager (Male) |
| 3:13 | Construir | Mill |
| 3:31 | Crear | Villager (Male) |
| 3:36 | Crear | Villager (Male) |
| 3:37 | Crear | Villager (Male) |
| 4:38 | Crear | Villager (Male) |
| 4:45 | Construir | Farm |
| 4:47 | Construir | Farm |
| 4:49 | Construir | Farm |
| 4:56 | Crear | Villager (Male) |
| 4:56 | Crear | Villager (Male) |
| 5:21 | Crear | Villager (Male) |
| 5:25 | Construir | Farm |
| 5:27 | Construir | Farm |
| 5:29 | Construir | Farm |
| 5:33 | Construir | Mining Camp |
| 6:03 | Construir | Farm |
| 6:20 | Investigar | Feudal Age |
| 6:21 | Investigar | Feudal Age |
| 6:54 | Crear | Villager (Male) |
| 6:54 | Crear | Villager (Male) |
| 7:43 | Construir | Mining Camp |
| 8:30 | Edad | Edad Feudal |
| 8:37 | Construir | Market |
| 8:39 | Construir | Stable |
| 8:42 | Construir | Blacksmith |
| 9:29 | Investigar | Castle Age |
| 9:30 | Investigar | Castle Age |
| 9:40 | Investigar | Double-Bit Axe |
| 9:40 | Investigar | Double-Bit Axe |
| 9:54 | Construir | House |
| 10:01 | Investigar | Forging |
| 10:02 | Investigar | Forging |
| 10:39 | Investigar | Bloodlines |
| 10:39 | Investigar | Bloodlines |
| 10:43 | Investigar | Scale Barding Armor |
| 10:43 | Investigar | Scale Barding Armor |
| 11:37 | Crear | Villager (Male) |
| 11:37 | Crear | Villager (Male) |
| 12:09 | Edad | Edad de los Castillos |
| 12:18 | Crear | Konnik |
| 12:27 | Crear | Villager (Male) |
| 13:00 | Crear | Villager (Male) |
| 13:15 | Construir | Krepost |
| 13:19 | Crear | Villager (Male) |
Build order — The Mystic
41 acciones detectadas en el replay
| 0:01 | Crear | Villager (Male) |
| 0:01 | Crear | Villager (Male) |
| 0:02 | Crear | Villager (Male) |
| 0:11 | Crear | Villager (Male) |
| 0:17 | Construir | Mill |
| 0:33 | Construir | Lumber Camp |
| 1:23 | Crear | Villager (Male) |
| 1:24 | Crear | Villager (Male) |
| 1:48 | Crear | Villager (Male) |
| 2:40 | Crear | Villager (Male) |
| 2:41 | Crear | Villager (Male) |
| 3:14 | Crear | Villager (Male) |
| 4:09 | Investigar | Feudal Age |
| 4:29 | Construir | Mining Camp |
| 5:35 | Crear | Villager (Male) |
| 6:10 | Crear | Villager (Male) |
| 6:10 | Crear | Villager (Male) |
| 6:21 | Edad | Edad Feudal |
| 6:23 | Construir | Stable |
| 6:42 | Construir | Market |
| 6:45 | Crear | Villager (Male) |
| 7:05 | Construir | Farm |
| 7:16 | Construir | Farm |
| 8:00 | Investigar | Loom |
| 8:25 | Investigar | Castle Age |
| 8:58 | Investigar | Horse Collar |
| 9:26 | Construir | Farm |
| 9:51 | Investigar | Double-Bit Axe |
| 10:38 | Crear | Villager (Male) |
| 10:39 | Crear | Villager (Male) |
| 11:06 | Edad | Edad de los Castillos |
| 11:09 | Construir | Town Center |
| 11:12 | Crear | Villager (Male) |
| 11:53 | Construir | Town Center |
| 12:06 | Crear | Villager (Male) |
| 12:43 | Crear | Villager (Male) |
| 13:09 | Crear | Villager (Male) |
| 13:10 | Crear | Villager (Male) |
| 13:10 | Crear | Villager (Male) |
| 13:14 | Construir | Farm |
| 13:20 | Investigar | Heavy Plow |
Build order — lichu_pastore
54 acciones detectadas en el replay
| 0:00 | Crear | Villager (Male) |
| 0:01 | Crear | Villager (Male) |
| 0:01 | Crear | Villager (Male) |
| 0:16 | Construir | Mill |
| 0:23 | Construir | Lumber Camp |
| 0:52 | Crear | Villager (Male) ×2 |
| 0:52 | Crear | Villager (Male) ×2 |
| 0:52 | Crear | Villager (Male) |
| 1:28 | Crear | Villager (Male) |
| 1:28 | Crear | Villager (Male) |
| 1:29 | Crear | Villager (Male) |
| 1:47 | Crear | Villager (Male) ×2 |
| 1:47 | Crear | Villager (Male) ×2 |
| 1:48 | Crear | Villager (Male) ×2 |
| 2:19 | Crear | Villager (Male) |
| 2:20 | Crear | Villager (Male) |
| 2:20 | Crear | Villager (Male) |
| 2:55 | Crear | Villager (Male) |
| 2:55 | Crear | Villager (Male) |
| 2:55 | Crear | Villager (Male) |
| 2:55 | Crear | Villager (Male) |
| 3:51 | Crear | Villager (Male) ×5 |
| 3:51 | Crear | Villager (Male) ×5 |
| 3:51 | Crear | Villager (Male) ×5 |
| 3:52 | Crear | Villager (Male) |
| 3:52 | Crear | Villager (Male) |
| 3:52 | Crear | Villager (Male) |
| 5:36 | Construir | Mining Camp |
| 6:14 | Construir | Farm |
| 6:16 | Construir | Farm |
| 6:18 | Construir | Farm |
| 6:25 | Investigar | Feudal Age |
| 6:25 | Investigar | Feudal Age |
| 6:25 | Investigar | Feudal Age |
| 7:32 | Construir | Farm |
| 7:39 | Construir | Farm |
| 8:24 | Crear | Villager (Male) |
| 8:24 | Crear | Villager (Male) |
| 8:24 | Crear | Villager (Male) |
| 8:51 | Edad | Edad Feudal |
| 8:54 | Construir | Market |
| 8:59 | Construir | Blacksmith |
| 10:06 | Investigar | Castle Age |
| 10:06 | Investigar | Castle Age |
| 10:06 | Investigar | Castle Age |
| 10:10 | Investigar | Double-Bit Axe |
| 10:14 | Investigar | Horse Collar |
| 10:30 | Construir | Lumber Camp |
| 11:18 | Investigar | Wheelbarrow |
| 11:20 | Investigar | Town Watch |
| 12:46 | Edad | Edad de los Castillos |
| 12:50 | Construir | Town Center |
| 13:00 | Construir | Town Center |
| 13:11 | Investigar | Heavy Plow |
Cronología de la partida
| 6:21 | The Mystic · age_up feudal |
| 6:23 | The Mystic · first_building Stable |
| 6:46 | Tripticket · age_up feudal |
| 7:40 | Tripticket · first_market_buy 100 food |
| 8:30 | Inf3ctedPenguin · age_up feudal |
| 8:39 | Inf3ctedPenguin · first_building Stable |
| 8:51 | lichu_pastore · age_up feudal |
| 11:06 | The Mystic · age_up castle |
| 11:06 | Tripticket · age_up castle |
| 12:09 | Inf3ctedPenguin · age_up castle |
| 12:46 | lichu_pastore · age_up castle |
| 13:08 | lichu_pastore · first_market_buy 100 wood |
| 13:15 | Inf3ctedPenguin · first_building Krepost |
| 13:20 | lichu_pastore · first_market_sell 100 stone |
| 13:22 | The Mystic · resign |
[ ANÁLISIS IA · 1 CRÉDITO ]
¿Qué pasó realmente en esta partida?
Wolo.gg analiza cada decisión: build order, eco, micro, errores típicos por bracket. Análisis personalizado por WhatsApp o Discord en 30 segundos.
Guía civ
Españoles
Perfil
Jugador #796618